 Dungeon Sprint DCSS version 0.31-a0-1-g4198be8af4 (webtiles) character file.

Game seed: 6654144113272738495

463 howech the Covert (level 7, -5/46 HPs)
             Began as a Human Enchanter on May 2, 2023.
             Was the Champion of Zin.
             Slain by Sonja
             ... wielding a +0 short sword of distortion
              (8 damage)
             ... in the Dungeon (Sprint I: "Red Sonja").
             The game lasted 00:02:59 (129 turns).

howech the Covert (Human Enchanter)                  Turns: 129, Time: 00:03:01

Health: -5/46      AC:  2    Str:  9    XL:     7   Next: 29%
Magic:  11/15      EV: 13    Int: 17    God:    Zin [******]
Gold:   161        SH:  0    Dex: 13    Spells: 15/17 levels left

rFire   . . .        a - +1 dagger
rCold   . . .        (no shield)
rNeg    . . .        b - +0 robe
rPois   .            (no helmet)
rElec   .            (no cloak)
rCorr   .            (no gloves)
SInv    .            (no boots)
Will    .....        (no amulet)
Stlth   ++++         (no ring)
HPRegen 0.27/turn    (no ring)
MPRegen 0.14/turn

%: no teleportation
@: no status effects
A: no striking features
a: Renounce Religion, Recite, Vitalisation, Imprison, Sanctuary, Donate Gold


You were in the Dungeon.
You worshipped Zin.
Zin was exalted by your worship.
You visited 1 branch You collected 178 gold pieces.
You donated 17 gold pieces to Zin.

Inventory:

Hand Weapons
 a - a +1 dagger (weapon)
Armour
 b - a +0 robe (worn)
Scrolls
 i - a scroll of blinking
Potions
 c - a potion of invisibility
 d - a potion of mutation {unknown}
 e - a potion of heal wounds
 g - a potion of magic


   Skills:
 + Level 5.6 Short Blades
 - Level 5.0 Dodging
 * Level 9.4 Stealth
 + Level 5.5 Spellcasting
 + Level 6.3 Hexes
 + Level 5.4 Ice Magic


You had 15 spell levels left.
You knew the following spells:

 Your Spells              Type           Power      Damage    Failure   Level
a - Ensorcelled Hibernat  Hex/Ice        48%        N/A       1%          2

Your spell library contained the following spells:

 Spells                   Type           Power      Damage    Failure   Level
 Confusing Touch          Hex            26%        N/A       3%          3
 Tukima's Dance           Hex            26%        N/A       3%          3
 Dazzling Flash           Conj/Hex       30%        N/A       11%         3


Dungeon Overview and Level Annotations

Branches:
Dungeon (1/1)

Altars:
Cheibriados
Dithmenos
Elyvilon
Fedhas
Gozag
Hepliaklqana
Kikubaaqudgha
Nemelex Xobeh
Okawaru
Qazlal
Ru
Sif Muna
Trog
Uskayaw
Vehumet
Wu Jian
Yredelemnul
Zin
The Shining One

Shops:
D :

Annotations:
D Sonja


Message History

There is a bloodstained altar of Trog here.
There is a blossoming altar of Fedhas here.
There is a stormy altar of Qazlal here.
Unknown command.
Press < or > to pray at altars.
There is an open door here.
You start resting.
Magic restored.
Unknown command.
You open the door.
Sonja, the Graceful Assassin comes into view.
She is wielding a +0 short sword of distortion and quivering curare-tipped darts.
Found 108 gold pieces.
There is an open door here.
Sonja hits you with a +0 short sword of distortion!
Space warps horribly around you! Sonja closely misses you.
Sonja hits you with a +0 short sword of distortion.
Space warps around you.
* * * LOW HITPOINT WARNING * * *
Unknown command.
Casting: Ensorcelled Hibernation (safe; 1% risk of failure)
Confirm with . or Enter, or press ? or * to list all spells.
Aiming: Ensorcelled Hibernation (safe; 1% risk of failure)
Press: ? - help, Shift-Dir - straight line, f - Sonja
Aim: Sonja, wielding a +0 short sword of distortion and quivering curare-tipped darts (chance to affect: 64%) Sonja struggles to resist.
Sonja barely misses you. x2
Sonja hits you with a +0 short sword of distortion.
* * * LOW HITPOINT WARNING * * *
Sonja misses you.
Sonja hits you with a +0 short sword of distortion.
* * * LOW HITPOINT WARNING * * *
Sonja hits you with a +0 short sword of distortion.
Zin protects you from harm!
Casting: Ensorcelled Hibernation (safe; 1% risk of failure)
Confirm with . or Enter, or press ? or * to list all spells.
Aiming: Ensorcelled Hibernation (safe; 1% risk of failure)
Press: ? - help, Shift-Dir - straight line, f/p - Sonja
Aim: Sonja, wielding a +0 short sword of distortion and quivering curare-tipped darts (chance to affect: 64%) Sonja struggles to resist.
Sonja hits you with a +0 short sword of distortion!
You die...

#..#####'#####'#
#..####..# #.#
#..#__#### ##.#
#..#_____##+#_.+
#⌠⌠#_.∩...'..._#
####_..__##_.#'#
#_____###'#(#
#########.###


+$@$+ #$K$# ##.## #+# You could see Sonja.

Vanquished Creatures
  Sigmund (D)
  A yak (D)
  An ogre (D)
  A jelly (D)
  Ijyb (D)
5 creatures vanquished.

Notes
Turn   | Place    | Note
-------+----------+-------------------------------------------
     0 | D        | howech the Human Enchanter began the quest for the Orb.
     0 | D        | Reached XP level 1. HP: 13/13 MP: 3/3
     5 | D        | Noticed Ijyb
     8 | D        | Killed Ijyb
     9 | D        | Reached skill level 4 in Stealth
     9 | D        | Reached skill level 1 in Ice Magic
     9 | D        | Reached XP level 2. HP: 19/19 MP: 3/5
     9 | D        | Reached XP level 3. HP: 24/24 MP: 4/7
    17 | D        | Learned a level 2 spell: Ensorcelled Hibernation
    17 | D        | Noticed an ogre
    23 | D        | Killed an ogre
    24 | D        | Reached skill level 6 in Stealth
    24 | D        | Reached XP level 4. HP: 9/30 MP: 1/9
    24 | D        | Reached XP level 5. HP: 10/35 MP: 1/10
    37 | D        | Noticed Sigmund
    41 | D        | Killed Sigmund
    42 | D        | Reached skill level 5 in Dodging
    42 | D        | Reached skill level 8 in Stealth
    42 | D        | Reached skill level 5 in Hexes
    42 | D        | Reached XP level 6. HP: 24/41 MP: 8/13
    53 | D        | Found an ornate altar of the Wu Jian Council.
    53 | D        | Found a shimmering blue altar of Sif Muna.
    55 | D        | Found a radiant altar of Vehumet.
    59 | D        | Reached skill level 5 in Spellcasting
    68 | D        | Found Kuinint's Book Emporium.
    68 | D        | Found an ancient bone altar of Kikubaaqudgha.
    68 | D        | Found a hazy altar of Hepliaklqana.
    68 | D        | Found a stormy altar of Qazlal.
    68 | D        | Found a hide-covered altar of Uskayaw.
    68 | D        | Found a blossoming altar of Fedhas.
    68 | D        | Found a bloodstained altar of Trog.
    68 | D        | Found an iron altar of Okawaru.
    68 | D        | Found a basalt altar of Yredelemnul.
    68 | D        | Found a glowing golden altar of the Shining One.
    68 | D        | Found a snail-covered altar of Cheibriados.
    68 | D        | Found a sacrificial altar of Ru.
    68 | D        | Found a glowing silver altar of Zin.
    68 | D        | Found a shadowy altar of Dithmenos.
    68 | D        | Found a white marble altar of Elyvilon.
    68 | D        | Noticed a yak
    69 | D        | Found an opulent altar of Gozag.
    72 | D        | Killed a yak
    73 | D        | Reached skill level 5 in Short Blades
    73 | D        | Reached skill level 9 in Stealth
    73 | D        | Reached skill level 5 in Ice Magic
    73 | D        | Reached XP level 7. HP: 28/46 MP: 7/15
    73 | D        | Found a sparkling altar of Nemelex Xobeh.
    79 | D        | Became a worshipper of Zin the Law-Giver
    79 | D        | Reached * piety under Zin
    79 | D        | Reached ** piety under Zin
    79 | D        | Reached *** piety under Zin
    79 | D        | Reached **** piety under Zin
    79 | D        | Reached ***** piety under Zin
    79 | D        | Reached ****** piety under Zin
   124 | D        | Noticed Sonja
   128 | D        | HP: 2/46 [Sonja/+0 short sword of distortion (5)]
   128 | D        | Zin protects you from harm!
   129 | D        | Slain by Sonja

Illustrated notes

Levels and vault maps discovered:
D:        dungeon_sprint_1 [red_sonja_temple_1, red_sonja_temple_small_1]

Skill      XL: |  1  2  3  4  5  6 |
---------------+-------------------+-----
Short Blades   | 2 3 4 5 |  5.6
Stealth        | 4 6 8 9 |  9.4
Ice Magic      | 1 3 4 5 |  5.4
Dodging        | 4 5 |  5.0
Spellcasting   | 3 4 5 |  5.5
Hexes          | 4 5 6 |  6.3

Action                     |  1- 3 |  4- 6 |  7- 9 || total
---------------------------+-------+-------+-------++-------
  Melee: Dagger            |     5 |     5 |       ||    10
   Cast: Ensorcelled Hiber |     2 |     3 |     2 ||     7
    Use: Potion            |     3 |     2 |       ||     5
   Stab: Invisible         |     3 |       |       ||     3
         Sleeping          |     2 |     5 |       ||     7
  Dodge: Dodged            |     2 |     1 |     4 ||     7

Table legend: (Time is in decaauts)
 A = Elapsed time spent in this place.
 B = Non-inter-level travel time spent in this place.
 C = Inter-level travel time spent in this place.
 D = Time resting spent in this place.
 E = Time spent auto-exploring this place.
 F = Levels seen in this place.
 G = Mean time per level.
                   A        B        C        D        E       F      G
               +--------+--------+--------+--------+--------+-----+--------+
         Total |    116 |    116 |      0 |     37 |      0 |   1 |  116.0 |
       Dungeon |    116 |    116 |      0 |     37 |      0 |   1 |  116.0 |
               +--------+--------+--------+--------+--------+-----+--------+

Top non-repeatable levels by time:
       D: 116 daAuts
